 Dungeon Crawl Stone Soup version 0.28.0-49-g6dfe1f597d (webtiles) character file.

Game seed: 13722833441613436896

261 Zeld the Conjurer (level 5, -1/45 HPs)
             Began as a Draconian Conjurer on May 15, 2022.
             Killed from afar by an orc wizard (3 damage)
             ... with a magic dart
             ... on level 5 of the Dungeon.
             The game lasted 00:05:14 (3898 turns).

Zeld the Conjurer (Draconian Conjurer)              Turns: 3898, Time: 00:05:15

Health: -1/45      AC:  6    Str: 10    XL:     5   Next: 96%
Magic:  2/10       EV: 12    Int: 20    God:
Gold:   157        SH:  0    Dex:  9    Spells: 3/10 levels left

rFire   . . .      SeeInvis .   (no weapon)
rCold   . . .      Faith    .   (no shield)
rNeg    . . .      Spirit   .   (armour unavailable)
rPois   .          Reflect  .   (helmet restricted)
rElec   .          Harm     .   (no cloak)
rCorr   .          Rampage  .   d - +0 pair of gloves
Will    .....                   (no boots)
Stlth   ++........              (no amulet)
HPRegen 0.15/turn               (no ring)
MPRegen 0.12/turn               (no ring)

@: no status effects
A: AC +5, unfitting armour, cold-blooded
a: no special abilities


You were on level 5 of the Dungeon.
You visited 1 branch of the dungeon, and saw 5 of its levels.

You collected 157 gold pieces.

Inventory:

Armour
 d - a +0 pair of gloves (worn)
Jewellery
 g - a ring of protection from fire
 h - an amulet of regeneration
Scrolls
 b - 4 scrolls of identify {unknown}
 c - 2 scrolls of blinking {unknown}
 e - a scroll of enchant weapon {unknown}
Potions
 a - a potion of lignification {unknown}
 f - 3 potions of curing {unknown}


   Skills:
 * Level 3.0 Fighting
 + Level 2.3 Dodging
 + Level 2.5 Stealth
 * Level 3.3 Spellcasting
 * Level 4.9 Conjurations
 + Level 0.9 Hexes


You had 3 spell levels left.
You knew the following spells:

 Your Spells              Type           Power      Damage    Failure   Level
a - Magic Dart            Conj           92%        1d7       1%          1
b - Searing Ray           Conj           46%        2d6       2%          2
c - Fulminant Prism       Conj/Hex       7%         3d7       38%         4

Your spell library contained the following spells:

 Spells                   Type           Power      Damage    Failure   Level
 Dazzling Flash           Conj/Hex       30%        N/A       12%         3
 Freeze                   Ice            12%        1d4       14%         1
 Frozen Ramparts          Ice            6%         1d2       38%         3
 Hailstorm                Conj/Ice       13%        3d5       45%         4
 Iskenderun's Mystic Bla  Conj/Tloc      13%        2d5       45%         4
 Starburst                Conj/Fire      6%         6d4       100%        6


Dungeon Overview and Level Annotations

Branches:
Dungeon (4/15)
 Temple: D:4-7

Altars:
Ashenzari
Nemelex Xobeh
Ru
Zin

Annotations:
D:4 1 runed translucent door, WaxSun's ghost, novice OgFE


Innate Abilities, Weirdness & Mutations

Your plain brown scales are hard. (AC +5)
You cannot fit into any form of body armour.
You are cold-blooded and may be slowed by cold attacks.


Message History

The gnoll sergeant hits you from afar with a +2 trident of protection.
The searing ray hits the gnoll sergeant but does no damage.
The gnoll sergeant is heavily wounded.
The searing ray hits the gnoll.
You kill the gnoll!
The searing ray hits the bullfrog zombie!
You destroy the bullfrog zombie!
The gnoll sergeant misses you.
Your Fighting skill increases to level 3!
The searing ray hits the gnoll sergeant.
The gnoll sergeant is severely wounded.
The searing ray hits the gnoll.
The gnoll is moderately wounded.
The gnoll sergeant closely misses you.
Unknown command.
Without enough magic to sustain it, your searing ray dissipates.
The gnoll sergeant hits you from afar with a +2 trident of protection!
Unknown command.
Casting: Searing Ray (safe; 2% risk of failure)
Confirm with . or Enter, or press ? or * to list all spells.
Aiming: Magic Dart (safe; 1% risk of failure)
Press: ? - help, Shift-Dir - straight line, f - gnoll sergeant
Aim: a gnoll sergeant, wielding a +2 trident of protection and wearing a +0 ring mail (severely wounded, 100% to hit)
The magic dart hits the gnoll sergeant.
The gnoll sergeant is almost dead.
The gnoll sergeant hits you from afar with a +2 trident of protection!
* * * LOW HITPOINT WARNING * * *
An ice beast, an orc wizard and 4 orcs come into view.
The orc wizard is wielding a +2 dagger of holy wrath.
The orc wizard shouts!
The orc shouts! x2; You hear a shout! x2
A gnoll comes into view. It is wielding a +0 halberd.
The orc wizard gestures at you while chanting.
The puff of flame hits you.
* * * LOW HITPOINT WARNING * * *
The orc wizard gestures wildly while chanting.
The orc wizard flickers and vanishes!
Deactivating autopickup; reactivate with Ctrl-A.
A magic dart appears from out of thin air!
The magic dart hits you.
You die...

#. #. #.######+###
#..........# #
#..#####.#g#
##.###..# ##.#.#
g....o..####.{..#
## #...oooo.ogY..@#
g.
######g###.....##g#
#.# #.....$..#
#.#######.###
#.g.)g)...#
###########


You could see an ice beast, a gnoll sergeant, a gnoll and 2 orcs.

Vanquished Creatures
  A bullfrog zombie (D:5)
  2 orc wizards (D:3)
  2 hound skeletons (D:4)
  6 gnolls
  3 adders (D:4)
  2 adder skeletons (D:4)
  3 dart slugs
  4 orcs
  A ball python (D:3)
  3 bats (D:1)
  5 endoplasms
  2 giant cockroaches
  4 goblins
  2 hobgoblins
  10 jackals
  4 quokkas
  4 frilled lizards
  5 kobolds
  5 rats
68 creatures vanquished.

Notes
Turn   | Place    | Note
-------+----------+-------------------------------------------
     0 | D:1      | Zeld the Draconian Conjurer began the quest for the Orb.
     0 | D:1      | Reached XP level 1. HP: 14/14 MP: 3/3
   395 | D:1      | Reached XP level 2. HP: 22/22 MP: 0/5
   399 | D:1      | Learned a level 2 spell: Searing Ray
   622 | D:1      | Reached skill level 1 in Fighting
  1002 | D:1      | Found a faded altar of an unknown god.
  1356 | D:2      | Reached XP level 3. HP: 16/28 MP: 0/6
  1849 | D:2      | Found a broken altar of Ashenzari.
  2397 | D:3      | Reached XP level 4. HP: 35/36 MP: 0/8
  2473 | D:3      | Learned a level 4 spell: Fulminant Prism
  3133 | D:3      | Found a sparkling altar of Nemelex Xobeh.
  3346 | D:4      | Found a runed translucent door.
  3349 | D:4      | Noticed WaxSun's ghost (novice OgFE)
  3385 | D:4      | Reached XP level 5. HP: 39/42 MP: 4/9
  3739 | D:4      | Found a sacrificial altar of Ru.
  3840 | D:4      | Found a glowing silver altar of Zin.
  3867 | D:4      | You fall into a shaft and drop 1 floor!
  3867 | D:5      | Entered Level 5 of the Dungeon
  3886 | D:5      | Noticed an ice beast
  3886 | D:5      | HP: 1/45 [orc wizard/puff of flame (3)]
  3898 | D:5      | Killed from afar by an orc wizard

Illustrated notes

Levels and vault maps discovered:
D:1:      lightli_arrival_noodles, layout_basic,
          shapermc_ecumenical_altar_ellora
D:2:      layout_basic, basic_altar
D:3:      layout_rooms, nemelex_diamond_rough_becter, hangedman_glass_teeth
D:4:      layout_rooms, nicolae_overflow_squiral,
          hellmonk_ghost_happy_afterlife, chequers_avenue
D:5:      layout_loops_corners, mainiacjoe_overflow_concentric_impassable,
          mainiacjoe_overflow_big_doors

Skill      XL: |  1  2  3  4  5 |
---------------+----------------+-----
Fighting       | 1 2 3 |  3.0
Dodging        | 2 |  2.3
Stealth        | 2 |  2.5
Spellcasting   | 3 |  3.3
Conjurations   | |  4.9
Hexes          | |  0.9

Action                   |  1- 3 |  4- 6 || total
-------------------------+-------+-------++-------
Melee: Unarmed           |    46 |    32 ||    78
       Tailslap          |     5 |     7 ||    12
 Cast: Magic Dart        |    63 |    30 ||    93
       Searing Ray       |     2 |    12 ||    14
Armor: Skin              |    24 |    18 ||    42
Dodge: Dodged            |    41 |    39 ||    80
